 Dungeon Crawl Stone Soup version 0.22.0-27-ga576289 (webtiles) character file.

2 Monsterracer the Sneak (level 1, -1/14 HPs)
             Began as a Merfolk Enchanter on Aug 22, 2018.
             Slain by a kobold
             ... wielding a +0 dagger
              (3 damage)
             ... on level 1 of the Dungeon.
             The game lasted 00:00:26 (143 turns).

Monsterracer the Sneak (Merfolk Enchanter)           Turns: 143, Time: 00:00:27

Health: -1/14      AC:  2    Str:  8    XL:     1   Next: 30%
Magic:  1/3        EV: 13    Int: 14    God:
Gold:   9          SH:  0    Dex: 14    Spells: 3/4 levels left

rFire    . . .     SeeInvis .   a - +1 dagger
rCold    . . .     Gourm    .   (no shield)
rNeg     . . .     Faith    .   b - +0 robe
rPois    .         Spirit   .   (no helmet)
rElec    .         Reflect  .   (no cloak)
rCorr    .         Harm     .   (no gloves)
MR       .....                  (no boots)
Stlth    ++........             (no amulet)
HPRegen  0.04/turn              (no ring)
MPRegen  0.08/turn              (no ring)

@: very slightly contaminated
A: change form in water, swift swim, stealthy swim
a: no special abilities


You were on level 1 of the Dungeon.
You were not hungry.

You visited 1 branch of the dungeon, and saw 1 of its levels.

You collected 9 gold pieces.

Inventory:

Hand Weapons
 a - a +1 dagger (weapon)
Armour
 b - a +0 robe (worn)
Potions
 d - a potion of curing {unknown}
Comestibles
 c - a ration


   Skills:
 * Level 0.4 Fighting
 - Level 1.2 Short Blades
 - Level 2.6 Dodging
 + Level 3.3 Stealth
 - Level 2.0 Spellcasting
 - Level 3.0 Hexes


You had 3 spell levels left.
You knew the following spells:

 Your Spells              Type           Power        Failure   Level  Hunger
a - Corona                Hex            #......      7%          1    ##.....

Your spell library contained the following spells:

 Spells                   Type           Power        Failure   Level  Hunger
 Ensorcelled Hibernation  Hex/Ice        #.....       19%         2    ###....
 Confuse                  Hex            #.......     21%         3    ####...
 Tukima's Dance           Hex            #.......     21%         3    ####...
 Dazzling Spray           Conj/Hex       #.....       36%         3    ####...


Dungeon Overview and Level Annotations

Branches:
Dungeon (1/15)

Altars:


Message History

You see here a robe.
Your legs become a tail as you enter the water.
A hobgoblin comes into view. It is wielding a club.
The hobgoblin shouts!
Found a spear.
Health restored: 13 A hobgoblin is nearby!
Your legs become a tail as you enter the water.
You see here a smoky emerald potion.
d - a smoky emerald potion
Casting: Corona (safe; 7% risk of failure)
Confirm with . or Enter, or press ? or * to list all spells.
Aiming: Corona (safe; 7% risk of failure)
Press: ? - help, Shift-Dir - straight line, f - hobgoblin
Aim: a hobgoblin, wielding a club (chance to defeat MR: 62%)
The hobgoblin is outlined in light.
You now have 2/3 mp.
You hit the hobgoblin.
The hobgoblin is lightly wounded.
The hobgoblin closely misses you.
You hit the hobgoblin.
The hobgoblin is heavily wounded.
A rat comes into view.
The hobgoblin hits you with a club.
You take 1 damage, and have 12/13 hp.
You hit the hobgoblin but do no damage.
The hobgoblin is heavily wounded.
You hit the hobgoblin but do no damage.
The hobgoblin is heavily wounded.
The hobgoblin barely misses you.
A hobgoblin comes into view.
The hobgoblin shouts!
You hit the hobgoblin.
The hobgoblin is severely wounded.
The hobgoblin hits you with a club.
You take 1 damage, and have 11/13 hp.
You hit the hobgoblin.
The hobgoblin is almost dead.
The hobgoblin hits you with a club.
You take 1 damage, and have 10/13 hp.
You hit the hobgoblin.
You kill the hobgoblin!
Your legs become a tail as you enter the water.
Casting: Corona (safe; 7% risk of failure)
Confirm with . or Enter, or press ? or * to list all spells.
Aiming: Corona (safe; 7% risk of failure)
Press: ? - help, Shift-Dir - straight line, f - hobgoblin
Aim: a hobgoblin, wearing a ring mail (chance to defeat MR: 62%)
The hobgoblin struggles to resist.
You now have 1/3 mp.
The hobgoblin barely misses you.
You hit the hobgoblin but do no damage.
The hobgoblin hits you but does no damage.
You closely miss the hobgoblin. The hobgoblin barely misses you.
You hit the hobgoblin but do no damage. The hobgoblin hits you.
You take 3 damage, and have 8/14 hp.
MASSIVE DAMAGE!!
You hit the hobgoblin but do no damage. The rat misses you.
The hobgoblin hits you.
* * * LOW HITPOINT WARNING * * *
You take 4 damage, and have 4/14 hp.
MASSIVE DAMAGE!!
You closely miss the rat. The rat barely misses you.
You barely miss the rat. The rat bites you.
* * * LOW HITPOINT WARNING * * *
You take 1 damage, and have 3/14 hp.
MP restored: 3 A goblin comes into view.
It is wielding a dagger.
A kobold comes into view. It is wielding a dagger.
The goblin shouts!
The kobold shouts!
You aren't carrying any scrolls.
The kobold hits you with a dagger.
* * * LOW HITPOINT WARNING * * *
You take 2 damage, and have 2/14 hp.
Okay, then.
Casting: Corona (safe; 7% risk of failure)
Confirm with . or Enter, or press ? or * to list all spells.
Aiming: Corona (safe; 7% risk of failure)
Press: ? - help, Shift-Dir - straight line, f/p - hobgoblin
Aim: a hobgoblin, wearing a ring mail (chance to defeat MR: 62%)
You miscast Corona.
You are very lightly contaminated with residual magic.
The light around you dims momentarily. The kobold hits you but does no damage.
The rat misses you.
You now have 2/3 mp.
Casting: Corona (safe; 7% risk of failure)
Confirm with . or Enter, or press ? or * to list all spells.
Okay, then.
Casting: Corona (safe; 7% risk of failure)
Confirm with . or Enter, or press ? or * to list all spells.
Aiming: Corona (safe; 7% risk of failure)
Press: ? - help, Shift-Dir - straight line, f - kobold, p - hobgoblin
Aim: a kobold, wielding a dagger (chance to defeat MR: 62%)
The kobold is outlined in light.
The rat closely misses you. The kobold completely misses you.
You now have 1/3 mp.
You hit the kobold but do no damage. The rat barely misses you.
The kobold hits you but does no damage.
You hit the kobold.
The kobold is moderately wounded.
The rat closely misses you. The kobold hits you with a dagger.
You die...

#.# #.# #.# ###...## #.#
#.. ..#.#.# #.# #.#
.....). #.# #.# .#.#.#
#K# #.# #....# #@# #.#
#≈r≈≈≈ #r# #.### #≈).8.
######g###...#####≈.###
...g...g...........≈8#≈≈
#.#########...####.≈.#≈.
##### #.≈.#≈. #.≈8#≈.
#.≈[#≈. #...'..


You could see a hobgoblin, a goblin, a kobold and a rat.

Vanquished Creatures
  A hobgoblin (D:1)
  A rat (D:1)
2 creatures vanquished.

Notes
Turn   | Place    | Note
-------+----------+-------------------------------------------
     0 | D:1      | Monsterracer the Merfolk Enchanter began the quest for the Orb.
     0 | D:1      | Reached XP level 1. HP: 13/13 MP: 3/3
   125 | D:1      | HP: 4/14 [hobgoblin (4)]
   130 | D:1      | HP: 3/14 [rat (1)]
   139 | D:1      | HP: 2/14 [kobold/dagger (2)]
   143 | D:1      | Slain by a kobold

Action                   || total
-------------------------++-------
Melee: Dagger            ||    18
 Cast: Corona            ||     3
Armor: Robe              ||     3
Dodge: Dodged            ||    11

Vault maps used:
D:1:      lightli_arrival_isolated_outpost, st_stairs_7
